PCL
SANTA MONICA BRUINS @ ALBUQUERQUE ISOTOPES
06/19/2026
 
TOP OF THE 1ST
Santa Monica Bruins batting - Pitching for Albuquerque Isotopes : RHP Raúl Ruíz
Pitching: RHP Raúl Ruíz
Batting: LHB Jeffrey Satterley 0-0: Called Strike
0-1: Swinging Strike
0-2: Ball
1-2: Strikes out swinging
Batting: LHB Brent Alonzo 0-0: Called Strike
0-1: Foul Ball, location: 2F
0-2: Strikes out looking
Batting: LHB Ray Bryant 0-0: Ball
1-0: Ball
2-0: Called Strike
2-1: Foul Ball, location: 2F
2-2: Foul Ball, location: 2F
2-2: Strikes out looking
Top of the 1st over - 0 run(s), 0 hit(s), 0 error(s), 0 left on base; Santa Monica 0 - Albuquerque 0
BOTTOM OF THE 1ST
Albuquerque Isotopes batting - Pitching for Santa Monica Bruins : RHP Chris Spencer
Pitching: RHP Chris Spencer
Batting: RHB Alfonso Huertas 0-0: Ball
1-0: Foul Ball, location: 2F
1-1: Swinging Strike
1-2: SINGLE (Groundball, 5D)
Batting: RHB Juan Vareas 0-0: SINGLE (Groundball, 56D)
Alfonso Huertas to second
Batting: LHB Mark Vestal 0-0: Called Strike
0-1: 3-RUN HOME RUN (Flyball, 78XD), Distance : 414 ft
Batting: LHB Bernardo Montés 0-0: Ball
1-0: Called Strike
1-1: Foul Ball, location: 2F
1-2: Ground out 4-3 (Groundball, 34)
Batting: RHB Arturo García 0-0: Ball
1-0: SINGLE (Groundball, 6)
Batting: RHB Juan Alberto 0-0: Ball
1-0: Called Strike
1-1: Ball
2-1: Ball
Wild Pitch!
Arturo García to second
3-1: Ground out 5-3 (Groundball, 5)
Batting: LHB Fernando Ortíz 0-0: Fly out, F8 (Line Drive, 89D)
Bottom of the 1st over - 3 run(s), 4 hit(s), 0 error(s), 1 left on base; Santa Monica 0 - Albuquerque 3
TOP OF THE 2ND
Santa Monica Bruins batting - Pitching for Albuquerque Isotopes : RHP Raúl Ruíz
Batting: RHB Luis Martínez 0-0: Swinging Strike
0-1: Ball
1-1: Foul Ball, location: 2F
1-2: Ground out 6-3 (Groundball, 6MS)
Batting: RHB Justin Burgess 0-0: Called Strike
0-1: Called Strike
0-2: DOUBLE (Flyball, 89XD)
Batting: RHB Brandon Callahan 0-0: Ball
1-0: Ground out 4-3 (Groundball, 4)
Justin Burgess to third
Batting: LHB Jeffrey Bascombe 0-0: Ball
1-0: SINGLE (Line Drive, 5D)
Justin Burgess scores
Batting: RHB Francisco Castillo 0-0: SINGLE (Groundball, 6MD)
Jeffrey Bascombe to second
Runner from 2nd tries for 3rd, SAFE, throw made to third
Batting: RHB Bonifacio Torres 0-0: Ball
1-0: Ball
2-0: Called Strike
2-1: Ball
Balk!
Jeffrey Bascombe scores
Francisco Castillo to second
3-1: Base on Balls
Batting: LHB Jeffrey Satterley 0-0: Ball
1-0: Called Strike
1-1: Ball
2-1: Ball
3-1: Foul Ball, location: 2F
3-2: Strikes out swinging
Top of the 2nd over - 2 run(s), 3 hit(s), 0 error(s), 2 left on base; Santa Monica 2 - Albuquerque 3
BOTTOM OF THE 2ND
Albuquerque Isotopes batting - Pitching for Santa Monica Bruins : RHP Chris Spencer
Batting: RHB Luis Martínez 0-0: Bunt for hit - play at first, batter safe!
Batting: LHB Juan Carlos Sánchez 0-0: Foul Ball, location: 2F
0-1: Swinging Strike
0-2: Ball
1-2: Ball
2-2: Foul Ball, location: 2F
2-2: Strikes out swinging
Batting: RHB Alfonso Huertas 0-0: Ball
1-0: Ball
2-0: Called Strike
2-1: Ball
3-1: Grounds into double play, 6-4-3 (Groundball, 6)
Bottom of the 2nd over - 0 run(s), 1 hit(s), 0 error(s), 0 left on base; Santa Monica 2 - Albuquerque 3
TOP OF THE 3RD
Santa Monica Bruins batting - Pitching for Albuquerque Isotopes : RHP Raúl Ruíz
Batting: LHB Brent Alonzo 0-0: Ball
1-0: Swinging Strike
1-1: Foul Ball, location: 2F
1-2: Ball
2-2: Ball
3-2: Foul Ball, location: 2F
3-2: Strikes out looking
Batting: LHB Ray Bryant 0-0: Foul Ball, location: 2F
0-1: Ball
1-1: Ball
2-1: Ground out 6-3 (Groundball, 6M)
Batting: RHB Luis Martínez 0-0: Ball
1-0: Ball
2-0: Called Strike
2-1: Ball
3-1: Swinging Strike
3-2: Base on Balls
Batting: RHB Justin Burgess 0-0: Swinging Strike
0-1: Swinging Strike
0-2: Ball
1-2: Ball
2-2: Foul Ball, location: 2F
2-2: Ball
3-2: Fly out, F7 (Flyball, 7M)
Top of the 3rd over - 0 run(s), 0 hit(s), 0 error(s), 1 left on base; Santa Monica 2 - Albuquerque 3
BOTTOM OF THE 3RD
Albuquerque Isotopes batting - Pitching for Santa Monica Bruins : RHP Chris Spencer
Batting: RHB Juan Vareas 0-0: Called Strike
0-1: Fly out, F9 (Flyball, 9M)
Batting: LHB Mark Vestal 0-0: Foul Ball, location: 2F
0-1: Ball
1-1: Ball
2-1: Foul Ball, location: 2F
2-2: Ball
3-2: SINGLE (Line Drive, 8LS)
Batting: LHB Bernardo Montés 0-0: Ball
1-0: SINGLE (Line Drive, 4M)
Mark Vestal to second
Batting: RHB Arturo García 0-0: Ball
1-0: Called Strike
1-1: 3-RUN HOME RUN (Flyball, 7D), Distance : 377 ft
Batting: RHB Juan Alberto 0-0: Foul Ball, location: 2F
0-1: Ball
1-1: Foul Ball, location: 2F
1-2: Ball
2-2: Foul Ball, location: 2F
2-2: Fly out, F7 (Line Drive, 7M)
Batting: LHB Fernando Ortíz 0-0: Ball
1-0: Ball
2-0: Called Strike
2-1: Ball
3-1: Ground out 4-3 (Groundball, 4M)
Bottom of the 3rd over - 3 run(s), 3 hit(s), 0 error(s), 0 left on base; Santa Monica 2 - Albuquerque 6
TOP OF THE 4TH
Santa Monica Bruins batting - Pitching for Albuquerque Isotopes : RHP Raúl Ruíz
Batting: RHB Brandon Callahan 0-0: Ball
1-0: Ball
2-0: Swinging Strike
Single, Error in OF, E7, batter to second base
Batting: LHB Jeffrey Bascombe 0-0: Ball
1-0: Ball
2-0: Swinging Strike
2-1: Swinging Strike
2-2: Strikes out swinging
Batting: RHB Francisco Castillo 0-0: Called Strike
0-1: Foul Ball, location: 2F
0-2: Ball
1-2: Foul Ball, location: 2F
1-2: Ball
2-2: Strikes out swinging
Pitching: RHP Shiki Kanno
Batting: RHB Bonifacio Torres 0-0: Ball
1-0: Ground out 6-3 (Groundball, 6M)
Top of the 4th over - 0 run(s), 1 hit(s), 1 error(s), 1 left on base; Santa Monica 2 - Albuquerque 6
BOTTOM OF THE 4TH
Albuquerque Isotopes batting - Pitching for Santa Monica Bruins : RHP Chris Spencer
Pitching: RHP Derrick Baird
Batting: RHB Luis Martínez 0-0: Ball
1-0: Called Strike
1-1: Ball
2-1: Ball
3-1: DOUBLE (Line Drive, 7LM)
Batting: LHB Juan Carlos Sánchez 0-0: Intentional Walk
Batting: RHB Alfonso Huertas 0-0: Ball
1-0: Called Strike
1-1: Foul Ball, location: 2F
1-2: Foul Ball, location: 2F
1-2: Fly out, F9 (Flyball, 9LM)
Batting: RHB Juan Vareas 0-0: Called Strike
0-1: Grounds into double play, 6-4-3 (Groundball, 6)
Bottom of the 4th over - 0 run(s), 1 hit(s), 0 error(s), 1 left on base; Santa Monica 2 - Albuquerque 6
TOP OF THE 5TH
Santa Monica Bruins batting - Pitching for Albuquerque Isotopes : RHP Shiki Kanno
Batting: LHB Jeffrey Satterley 0-0: Called Strike
0-1: Called Strike
0-2: Foul Ball, location: 2F
0-2: Ball
1-2: Foul Ball, location: 2F
1-2: Ball
2-2: Ball
3-2: Ground out 6-3 (Groundball, 6M)
Batting: LHB Brent Alonzo 0-0: Ball
1-0: Ball
2-0: Ball
3-0: Called Strike
3-1: Base on Balls
Batting: LHB Ray Bryant 0-0: Foul Ball, location: 2F
0-1: Foul Ball, location: 2F
0-2: Fly out, F8 (Line Drive, 8LD)
Batting: RHB Luis Martínez 0-0: Ball
Brent Alonzo steals 2nd base
1-0: Ball
Wild Pitch!
Brent Alonzo to third
2-0: Called Strike
2-1: Ball
3-1: Swinging Strike
3-2: Foul Ball, location: 2F
3-2: Foul Ball, location: 2F
3-2: Strikes out swinging
Top of the 5th over - 0 run(s), 0 hit(s), 0 error(s), 1 left on base; Santa Monica 2 - Albuquerque 6
BOTTOM OF THE 5TH
Albuquerque Isotopes batting - Pitching for Santa Monica Bruins : RHP Derrick Baird
Batting: LHB Mark Vestal 0-0: Ball
1-0: Foul Ball, location: 2F
1-1: Called Strike
1-2: Ball
2-2: Ball
3-2: Foul Ball, location: 2F
3-2: Strikes out looking
Batting: LHB Bernardo Montés 0-0: Called Strike
0-1: Ball
1-1: Ball
2-1: Fly out, F8 (Flyball, 8LD)
Batting: RHB Arturo García 0-0: Ball
1-0: Ball
2-0: Fly out, F9 (Flyball, 89D)
Bottom of the 5th over - 0 run(s), 0 hit(s), 0 error(s), 0 left on base; Santa Monica 2 - Albuquerque 6
TOP OF THE 6TH
Santa Monica Bruins batting - Pitching for Albuquerque Isotopes : RHP Shiki Kanno
Batting: RHB Justin Burgess 0-0: Called Strike
0-1: Foul Ball, location: 2F
0-2: Ball
1-2: Ball
2-2: Fly out, F9 (Flyball, 9M)
Batting: RHB Brandon Callahan 0-0: Called Strike
0-1: Foul Ball, location: 2F
0-2: Strikes out looking
Batting: LHB Jeffrey Bascombe 0-0: Called Strike
0-1: Swinging Strike
0-2: Foul Ball, location: 2F
0-2: Foul Ball, location: 2F
0-2: Ground out 4-3 (Groundball, 4)
Top of the 6th over - 0 run(s), 0 hit(s), 0 error(s), 0 left on base; Santa Monica 2 - Albuquerque 6
BOTTOM OF THE 6TH
Albuquerque Isotopes batting - Pitching for Santa Monica Bruins : RHP Derrick Baird
Batting: RHB Juan Alberto 0-0: Foul Ball, location: 2F
0-1: Ball
1-1: Ball
2-1: Swinging Strike
2-2: Strikes out swinging
Batting: LHB Fernando Ortíz 0-0: Ground out 4-3 (Groundball, 4M)
Batting: RHB Luis Martínez 0-0: Ball
1-0: Ball
2-0: Ground out 6-3 (Groundball, 6M)
Bottom of the 6th over - 0 run(s), 0 hit(s), 0 error(s), 0 left on base; Santa Monica 2 - Albuquerque 6
TOP OF THE 7TH
Santa Monica Bruins batting - Pitching for Albuquerque Isotopes : RHP Shiki Kanno
Pitching: RHP Rafael Trujillo
Batting: RHB Francisco Castillo 0-0: Foul Ball, location: 2F
0-1: Bunt missed!
0-2: Strikes out swinging
Batting: RHB Bonifacio Torres 0-0: Ball
1-0: Called Strike
1-1: Ball
2-1: Fly out, F7 (Flyball, 7M)
Batting: LHB Jeffrey Satterley 0-0: Ball
1-0: Fly out, F9 (Flyball, 9D)
Top of the 7th over - 0 run(s), 0 hit(s), 0 error(s), 0 left on base; Santa Monica 2 - Albuquerque 6
BOTTOM OF THE 7TH
Albuquerque Isotopes batting - Pitching for Santa Monica Bruins : RHP Derrick Baird
Pitching: RHP Carlos Rangel
Batting: LHB Juan Carlos Sánchez 0-0: Called Strike
0-1: Ball
1-1: Called Strike
1-2: Strikes out looking
Batting: RHB Alfonso Huertas 0-0: Called Strike
0-1: Ball
1-1: Fly out, F8 (Popup, 4MD)
Batting: RHB Juan Vareas 0-0: Ball
1-0: Ball
2-0: Foul Ball, location: 2F
2-1: Swinging Strike
2-2: Ball
3-2: Fly out, F8 (Flyball, 8LM)
Bottom of the 7th over - 0 run(s), 0 hit(s), 0 error(s), 0 left on base; Santa Monica 2 - Albuquerque 6
TOP OF THE 8TH
Santa Monica Bruins batting - Pitching for Albuquerque Isotopes : RHP Rafael Trujillo
Batting: LHB Brent Alonzo 0-0: Foul Ball, location: 2F
0-1: Ball
1-1: Ball
2-1: Foul Ball, location: 2F
2-2: Foul Ball, location: 2F
2-2: Fly out, F7 (Flyball, 7D)
Batting: LHB Ray Bryant 0-0: Called Strike
0-1: Ball
1-1: Called Strike
1-2: Ball
2-2: Ball
3-2: Base on Balls
Batting: RHB Luis Martínez 0-0: Ball
1-0: Ball
2-0: Called Strike
2-1: Ball
3-1: Base on Balls
Ray Bryant to second
Pitching: LHP William Watson
Batting: RHB Justin Burgess 0-0: Called Strike
0-1: Ball
1-1: Foul Ball, location: 2F
1-2: Foul Ball, location: 2F
1-2: Ground out 5-3 (Groundball, 5S)
Ray Bryant to third
Luis Martínez to second
Pitching: RHP Juan Rodríguez
Batting: RHB Brandon Callahan 0-0: Ball
1-0: Ball
2-0: Ball
3-0: Called Strike
3-1: Base on Balls
Batting: LHB Jeffrey Bascombe 0-0: Called Strike
0-1: Called Strike
0-2: Ground out 5-3 (Groundball, 5S)
Top of the 8th over - 0 run(s), 0 hit(s), 0 error(s), 3 left on base; Santa Monica 2 - Albuquerque 6
BOTTOM OF THE 8TH
Albuquerque Isotopes batting - Pitching for Santa Monica Bruins : RHP Carlos Rangel
Batting: LHB Mark Vestal 0-0: SINGLE (Line Drive, 9LS)
Batting: LHB Bernardo Montés 0-0: Grounds out, U3 (Groundball, 3L)
Batting: RHB Arturo García 0-0: Ball
1-0: Ball
2-0: Ball
3-0: Base on Balls
Batting: RHB Juan Alberto 0-0: Fly out, F8 (Flyball, 8RD)
Batting: LHB Fernando Ortíz 0-0: Called Strike
0-1: Called Strike
0-2: Foul Ball, location: 2F
0-2: Foul Ball, location: 2F
0-2: Ball
1-2: Strikes out swinging
Bottom of the 8th over - 0 run(s), 1 hit(s), 0 error(s), 2 left on base; Santa Monica 2 - Albuquerque 6
TOP OF THE 9TH
Santa Monica Bruins batting - Pitching for Albuquerque Isotopes : RHP Juan Rodríguez
Batting: RHB Francisco Castillo 0-0: Ball
1-0: Bunt for hit - play at first, batter safe!
Batting: RHB Bonifacio Torres 0-0: Ball
1-0: SINGLE (Groundball, 4MD)
Francisco Castillo to second
Pitching: RHP Manny Muñóz
Batting: LHB Jeffrey Satterley 0-0: Called Strike
0-1: Ball
1-1: Fly out, F8 (Flyball, 8LD)
Runner from 2nd tags up, SAFE at 3rd, no throw
Batting: LHB Brent Alonzo 0-0: Swinging Strike
0-1: Fly out, F7 (Line Drive, 5D)
Runner from 3rd tags up, SCORES, no throw
Batting: LHB Ray Bryant 0-0: Ball
1-0: Swinging Strike
1-1: Foul Ball, location: 2F
1-2: Strikes out swinging
Top of the 9th over - 1 run(s), 2 hit(s), 0 error(s), 1 left on base; Santa Monica 3 - Albuquerque 6
Monday, December 5th, 2016 - OOTP Baseball 17.12 Build 75